 Dungeon Crawl Stone Soup version 0.31.0-32-g396128a36d (webtiles) character file.

Game seed: 5974996868576138978

8423 diecastcamel the Cleaver (level 11, -4/92 HPs)
             Began as a Barachi Fighter on Apr 24, 2024.
             Was a Believer of Lugonu.
             Slain by a wyvern (11 damage)
             ... on level 10 of the Dungeon.
             The game lasted 00:44:46 (10571 turns).

diecastcamel the Cleaver (Barachi Fighter)         Turns: 10571, Time: 00:44:47

Health: -4/92      AC:  9    Str: 21    XL:     11   Next: 30%
Magic:  11/11      EV:  4    Int:  9    God:    Lugonu [**....]
Gold:   270        SH: 17    Dex: 12    Spells: 10/10 levels left

rFire   . . .        s - +4 war axe (holy)
rCold   . . .        e - +2 tower shield
rNeg    . . .        z - +0 plate armour
rPois   .            (no helmet)
rElec   x            (no cloak)
rCorr   .            b - +0 pair of gloves
SInv    .            t - +0 pair of boots
Will    .....        i - amulet of regeneration Stlth
                     (no ring)
HPRegen 1.15/turn    (no ring)
MPRegen 0.12/turn

%: no passive effects
@: corroded, unable to hop, slow
A: amphibious, slowness 1, strong legs 1, +LOS, [electricity vulnerability]
a: Hop, Renounce Religion, Depart the Abyss, Banish


You were on level 10 of the Dungeon.
You worshipped Lugonu.
Lugonu was pleased with you.
You visited 2 branches of the dungeon, and saw 11 of its levels.
You visited the Abyss 1 time.
You also visited: Bailey.

You collected 468 gold pieces.
You spent 198 gold pieces at shops.

Inventory:

Hand Weapons
 s - a +4 war axe of holy wrath (weapon)
 u - a +3 mace
Missiles
 C - 2 throwing nets
Armour
 b - a +0 pair of gloves (worn)
 e - a +2 tower shield (worn)
 t - a +0 pair of boots (worn)
 w - the +1 leather armour of Utsuve {^Contam rElec rF+++ Int+2}
   (You found it on level 7 of the Dungeon)

   Int+2:     It affects your intelligence (+2).
   rF+++:     It renders you almost immune to fire.
   rElec:     It insulates you from electricity.
   ^Contam:   It causes magical contamination when unequipped.
 z - a +0 plate armour (worn)
Jewellery
 i - an amulet of regeneration (around neck)
Wands
 y - a wand of charming (2)
 F - a wand of digging (4)
Scrolls
 a - 2 scrolls of torment
 m - a scroll of fog
 o - a scroll of noise
 q - a scroll of vulnerability
 r - a scroll of fear {unknown}
 A - a scroll of silence {unknown}
 B - 2 scrolls of enchant weapon
 D - a scroll of enchant armour {unknown}
Potions
 f - a potion of attraction {unknown}
 g - 2 potions of resistance {unknown}
 h - 3 potions of degeneration {unknown}
 j - a potion of heal wounds {unknown}
 l - 2 potions of magic
 p - a potion of enlightenment {unknown}
 v - a potion of brilliance {unknown}
 x - a potion of mutation {unknown}
 E - 2 potions of might


   Skills:
 + Level 10.7 Fighting
 + Level 12.9 Axes
 - Level 3.6 Armour
 + Level 9.7 Shields
 - Level 5.0 Evocations


You had 10 spell levels left.
You didn't know any spells.
Your spell library contained the following spells:

 Spells                   Type           Power      Damage    Failure   Level
 Apportation              Tloc           0%         N/A       100%        1
 Foxfire                  Conj/Fire      0%         2x1d4     100%        1
 Necrotise                Necr           0%         1d4       100%        1
 Sting                    Conj/Alch      0%         1d3       100%        1
 Summon Small Mammal      Summ           0%         N/A       100%        1
 Jinxbite                 Hex            0%         N/A       100%        2
 Inner Flame              Hex/Fire       0%         N/A       100%        3
 Vhi's Electric Charge    Tloc/Air       0%         N/A       100%        4
 Alistair's Intoxication  Alch           0%         N/A       100%        5
 Arcjolt                  Conj/Air       0%         1d10      100%        5
 Irradiate                Conj/Alch      0%         3d11      100%        5
 Plasma Beam              Fire/Air       0%         2x1d10    100%        6
 Starburst                Conj/Fire      0%         6d3       100%        6
 Haunt                    Necr/Summ      0%         N/A       100%        7
 Borgnjor's Revivificati  Necr           0%         N/A       100%        8
 Ignition                 Fire           0%         3d3       100%        8
 Maxwell's Capacitive Co  Air            0%         ∞         100%        8
 Chain Lightning          Conj/Air       0%         N/A       100%        9
 Death's Door             Necr           0%         N/A       100%        9
 Fire Storm               Conj/Fire      0%         5d1       100%        9
 Shatter                  Erth           0%         3d5*      100%        9


Dungeon Overview and Level Annotations

Branches:
Dungeon (10/15)            Temple (1/1) D:5             Orc (0/2) D:9
 Bailey (visited)
   Lair: D:8-11

Altars:
Cheibriados
Dithmenos
Elyvilon
Fedhas
Gozag
Hepliaklqana
Kikubaaqudgha
Makhleb
Nemelex Xobeh
Okawaru
Qazlal
Ru
Sif Muna
Trog
Uskayaw
Vehumet
Xom
Zin
The Shining One

Shops:
D:9 *:

Annotations:
D:8 4 transporters


Innate Abilities, Weirdness & Mutations

You are amphibious.
You cover ground slowly.
You can hop short distances.
You have an extended range of vision and can be seen from far away.
[You are vulnerable to electric shocks.]


Message History

There is a stone staircase leading down here.
Unknown command.
The wyvern bites you but does no damage.
You block the acid dragon's attack. The acid dragon barely misses you.
You climb downwards.
There is a stone staircase leading up here.
Unknown command.
You hit the acid dragon but do no damage.
The acid dragon is almost dead.
You hit the wyvern. You block the wyvern's attack.
You block the acid dragon's attack. x2; The wyvern bites you.
* * * LOW HITPOINT WARNING * * *
Unknown command.
You hit the acid dragon but do no damage.
The acid dragon is almost dead.
You hit the wyvern but do no damage. You block the wyvern's attack.
The acid dragon spits acid at you. The splash of acid hits you!!
* * * LOW HITPOINT WARNING * * *
You block the wyvern's attack.
You hear a shout! x3; You hear an angry hiss.
You slash the acid dragon!
You kill the acid dragon!
Lugonu accepts your kill.
The acid dragon scales are intact enough to wear.
You hit the wyvern but do no damage.
You hear a shout!
You block the wyvern's attack.
You hit the wyvern but do no damage.
The wyvern is moderately wounded.
You block the wyvern's attack. The wyvern bites you.
* * * LOW HITPOINT WARNING * * *
Unknown command.
You completely miss the wyvern.
The wyvern is moderately wounded.
The wyvern bites you.
* * * LOW HITPOINT WARNING * * *
An orc comes into view. It is wielding a +0 club.
The wyvern bites you!
You die...

###
o.# #
#k##.#
#@..#
#[##.#
#.# #
#.# ##


You could see a wyvern and an orc.

Vanquished Creatures
  2 two-headed ogres (D:9)
  A kobold demonologist (D:9)
  A hornet (D:9)
  3 trolls
  3 wyverns
  6 yaks (D:7)
  5 humans (Bailey)
  3 steam dragons
  A water moccasin (D:7)
  2 acid dragons
  6 orc warriors
  A sky beast (D:8)
  An ice beast (D:6)
  2 black bears
  An ogre (D:3)
  A centaur (D:7)
  4 kobold brigands
  A scorpion (D:7)
  11 bullfrogs
  3 gnoll sergeants (D:8)
  2 bombardier beetles
  4 jellies
  A gnoll bouda (D:7)
  11 orc priests
  3 hounds
  Jessica (D:2)
  8 orc wizards
  A sleepcap (D:6)
  14 gnolls
  6 adders
  A white imp (D:7)
  4 ufetubi
  2 dart slugs
  3 ribbon worms
  35 orcs
  3 bats
  13 endoplasms
  4 giant cockroaches
  7 goblins
  6 hobgoblins
  6 kobolds
  7 ball pythons
  4 frilled lizards
  7 rats
211 creatures vanquished.

Notes
Turn   | Place    | Note
-------+----------+-------------------------------------------
     0 | D:1      | diecastcamel the Barachi Fighter began the quest for the
                  | Orb.
     0 | D:1      | Reached XP level 1. HP: 18/18 MP: 1/1
   250 | D:1      | Reached XP level 2. HP: 24/24 MP: 2/2
   287 | D:1      | Reached skill level 3 in Axes
   603 | D:1      | Reached XP level 3. HP: 26/29 MP: 3/3
   906 | D:2      | Reached skill level 4 in Axes
  1042 | D:2      | Noticed Jessica
  1046 | D:2      | Killed Jessica
  1047 | D:2      | Reached XP level 4. HP: 29/36 MP: 4/4
  1094 | D:2      | Found a faded altar of an unknown god.
  1378 | D:2      | Reached skill level 5 in Axes
  1380 | D:3      | Noticed an ogre
  1679 | D:2      | Reached XP level 5. HP: 23/41 MP: 5/5
  2170 | D:3      | Reached skill level 6 in Axes
  2528 | D:3      | Found a stormy altar of Qazlal.
  2536 | D:3      | Became a worshipper of Qazlal Stormbringer
  2560 | D:3      | Reached XP level 6. HP: 47/47 MP: 6/6
  2612 | D:3      | Reached skill level 7 in Axes
  3738 | D:5      | Entered Level 5 of the Dungeon
  3747 | D:4      | Reached skill level 8 in Axes
  3747 | D:4      | Reached XP level 7. HP: 52/52 MP: 7/7
  3889 | D:5      | Found a staircase to the Ecumenical Temple.
  3899 | Temple   | Found a transporter.
  3899 | Temple   | Found a transporter.
  3899 | Temple   | Found a transporter.
  3899 | Temple   | Found a transporter.
  3899 | Temple   | Entered the Ecumenical Temple
  4384 | D:5      | Found an ancient bone altar of Kikubaaqudgha.
  4846 | D:6      | Reached * piety under Qazlal
  4893 | D:6      | Found a blossoming altar of Fedhas.
  5005 | D:6      | Reached skill level 9 in Axes
  5005 | D:6      | Reached XP level 8. HP: 47/61 MP: 8/8
  5574 | D:6      | HP: 1/61 [orc warrior/+0 battleaxe (6)]
  5843 | D:7      | Noticed a yak
  5843 | D:7      | Noticed a yak
  5843 | D:7      | Noticed a yak
  5843 | D:7      | Noticed a yak
  5884 | D:7      | Killed a yak
  5885 | D:7      | Reached skill level 5 in Fighting
  5885 | D:7      | Reached skill level 1 in Evocations
  5910 | D:7      | Noticed a yak
  5941 | D:7      | Noticed a yak
  5948 | D:7      | Killed a yak
  5949 | D:7      | Reached skill level 5 in Shields
  5953 | D:7      | Killed a yak
  5954 | D:7      | Killed a yak
  5955 | D:7      | Reached skill level 10 in Axes
  5959 | D:7      | Killed a yak
  5960 | D:7      | Reached XP level 9. HP: 44/69 MP: 9/9
  6081 | D:7      | Identified the +1 leather armour of Utsuve {^Contam rElec
                  | rF+++ Int+2}
  6643 | D:7      | Reached ** piety under Qazlal
  6701 | D:7      | Noticed a troll
  6724 | D:7      | Killed a troll
  7385 | D:7      | Reached skill level 11 in Axes
  7387 | D:7      | Reached skill level 5 in Evocations
  7645 | D:8      | Found a burning altar of Makhleb.
  7674 | D:8      | Reached XP level 10. HP: 71/80 MP: 10/10
  7678 | D:8      | Found a transporter.
  7728 | D:8      | Found a flagged portal.
  7735 | Bailey   | Entered a bailey
  7993 | Bailey   | Noticed Prince Ribbit
  8000 | Bailey   | Noticed a vault guard
  8043 | D:8      | Found a transporter.
  8046 | D:8      | Found a transporter.
  8160 | D:8      | Found a glowing golden altar of the Shining One.
  8196 | D:8      | Found a shadowy altar of Dithmenos.
  8259 | D:8      | Found a transporter.
  8311 | D:8      | Reached *** piety under Qazlal
  8732 | D:9      | Reached skill level 12 in Axes
  8842 | D:9      | Paralysed by a hornet for 1 turns
  8847 | D:9      | HP: 2/83 [hornet (10)]
  8917 | D:9      | Noticed a two-headed ogre
  9216 | D:9      | Found a snail-covered altar of Cheibriados.
  9260 | D:9      | Found Itu Fog's Assorted Antiques.
  9286 | D:9      | Noticed a kobold demonologist
  9305 | D:9      | Killed a kobold demonologist
  9330 | D:9      | Bought a bone wand for 132 gold pieces
  9330 | D:9      | Bought a scroll of identify for 66 gold pieces
  9373 | D:9      | Found a radiant altar of Vehumet.
  9513 | D:9      | Noticed a two-headed ogre
  9532 | D:9      | Killed a two-headed ogre
  9533 | D:9      | Reached skill level 10 in Fighting
  9533 | D:9      | Reached XP level 11. HP: 61/90 MP: 11/11
  9670 | D:9      | Found Ititog's Tremendous Tomes.
  9714 | D:9      | Found a staircase to the Orcish Mines.
  9717 | Abyss:1  | Cast into level 1 of the Abyss (orc warrior)
  9744 | Abyss:1  | Found a corrupted altar of Lugonu.
  9751 | Abyss:1  | Fell from the grace of Qazlal
  9751 | Abyss:1  | Became a worshipper of Lugonu the Unformed
  9751 | Abyss:1  | Reached * piety under Lugonu
  9751 | Abyss:1  | Reached ** piety under Lugonu
  9752 | D:9      | Escaped the Abyss
  9835 | D:9      | Killed a two-headed ogre
 10542 | D:9      | Noticed a two-headed ogre
 10566 | D:10     | Entered Level 10 of the Dungeon
 10571 | D:10     | Slain by a wyvern

Illustrated notes

Levels and vault maps discovered:
D:1:      reono_arrival_mine, layout_basic
D:2:      layout_rooms, serial_curves, eino_curves_04, eino_curves_03,
          hellmonk_ecumenical_altar_blasted, nrook_mini_backslash, uniq_jessica
D:3:      layout_rooms, general_overflow_altar, lemuel_round_altar,
          mainiacjoe_overflow_surrounded_room
D:4:      layout_cave_pools
D:5:      layout_rooms, kennysheep_mini_moat, minmay_temple_entry_waves
D:6:      layout_gridville, lemuel_doored_altar
D:7:      layout_basic
D:8:      layout_rooms, mainiacjoe_overflow_alcove_1,
          nicolae_overflow_crystal_walls, nicolae_tso_carved_into_rock,
          enter_bailey_2, nicolae_transporter_circle
D:9:      layout_stronghold, nicolae_overflow_hidden_temple, slow_altar_2,
          kennysheep_orc_monster_closet_entryway, serial_shops,
          nicolae_shop_trees, chequers_decorated_corner,
          kennysheep_pointless_box, nicolae_shop_i_like_big_books,
          chequers_serial_rivers_marsh, supply_closet_lemuel,
          kennysheep_kite_vault
D:10:     layout_loops_ring, mainiacjoe_overflow_alcove_4, serial_shops, shop,
          uniq_grum, uniq_erica
Temple:   hellmonk_temple_divided_pantheon

Skill      XL: |  1  2  3  4  5  6  7  8  9 10 |
---------------+-------------------------------+-----
Axes           | 3 4 5 6 8 9 10 11 12 | 12.9
Fighting       | 4 6 7 10 | 10.7
Shields        | 4 5 7 9 |  9.7
Evocations     | 2 5 |  5.0
Armour         | |  3.6

Action                     |  1- 3 |  4- 6 |  7- 9 | 10-12 || total
---------------------------+-------+-------+-------+-------++-------
  Melee: War axe           |    67 |   163 |   293 |   266 ||   789
  Throw: Dart              |       |       |     7 |       ||     7
         Throwing net      |       |       |       |     1 ||     1
 Invoke: Depart the Abyss  |       |       |       |     1 ||     1
         Upheaval          |       |       |       |     1 ||     1
Ability: Hop               |       |     3 |     4 |     3 ||    10
  Evoke: Wand              |       |       |    15 |    12 ||    27
    Use: Potion            |       |     1 |     1 |     4 ||     6
         Scroll            |       |       |    10 |     7 ||    17
 Armour: Scale mail        |    26 |       |       |       ||    26
         Chain mail        |    20 |   113 |   154 |       ||   287
         Plate armour      |       |       |    98 |   218 ||   316
  Dodge: Dodged            |    19 |    46 |    94 |    47 ||   206
  Block: Buckler           |    14 |    32 |    75 |    81 ||   202
         Tower shield      |       |       |       |    31 ||    31
